AoeStats
← Ronk999

Arena

510334143Analyzed
3v3 RM · 2d ago on Sep 30, 2026· 41m 32s· 6 players
Game mode
Random Map
Map size
Normal (6 player)
Population
200
Speed
Normal
Resources
Standard
Victory
Conquest
Starting age
Dark Age
Ending age
Imperial Age
RankedLock teamsTeams togetherTeam positionsShared explorationLock speedFull tech treeHidden civsTurbo modeCheats
Victory
Defeat
🇧🇾 Turks · Belarus
928
+13
🇹🇷 Koreans · Türkiye
891
+15
🇪🇸 Mongols · Spain
833
+17
🇩🇪 Teutons · Germany
944
-18
🇩🇪 Khmer · Germany
826
-14
🇰🇷 Goths · South Korea
825
-13
Ezer
0:31 Loom
12:44 Feudal Age
14:30 Double-Bit Axe
17:11 Castle Age
15:50 Gold Mining
15:57 Horse Collar
25:50 Wheelbarrow
27:23 Padded Archer Armor
37:18 Imperial Age
35:03 Hand Cart
34:39 Town Watch
35:15 Leather Archer Armor
36:51 Ballistics
36:43 Masonry
36:44 Fortified Wall
37:19 Fletching
37:43 Heavy Plow
38:01 Bow Saw
38:30 Gold Shaft Mining
37:53 Stone Mining
38:08 Capped Ram
40:28 Two-Man Saw
39:42 Siege Ram
TrakaTra
2:35 Loom
9:22 Feudal Age
11:06 Wheelbarrow
16:50 Castle Age
18:13 Double-Bit Axe
20:17 Horse Collar
27:11 Husbandry
29:37 Bow Saw
30:04 Squires
29:50 Arson
29:29 Pikeman
30:25 Bloodlines
30:18 Fletching
30:38 Gold Mining
30:39 Stone Mining
30:47 Stone Mining
31:04 Heavy Plow
33:09 Hand Cart
33:31 Bodkin Arrow
34:58 Gold Shaft Mining
35:07 Stone Shaft Mining
34:41 Thumb Ring
38:39 Imperial Age
35:55 Town Watch
36:25 Caravan
39:24 Bracer
39:30 Scale Barding Armor
39:26 Padded Archer Armor
39:37 Forging
38:56 Elite Mangudai
39:05 Elite Mangudai
40:08 Drill
39:25 Capped Ram
40:11 Scale Mail Armor
40:51 Siege Ram
42:01 Nomads
Get Rekt
12:28 Feudal Age
17:26 Castle Age
15:10 Horse Collar
15:16 Double-Bit Axe
15:29 Stone Mining
16:22 Gold Mining
20:03 Gold Shaft Mining
19:43 Bow Saw
26:17 Eupseong
29:18 Stone Shaft Mining
32:45 Imperial Age
31:45 Wheelbarrow
33:25 Ballistics
34:46 Chemistry
34:06 Ballistics
33:53 Siege Engineers
36:09 Murder Holes
36:03 Arrowslits
rananculus
0:31 Loom
13:41 Feudal Age
23:10 Castle Age
21:18 Stone Mining
21:19 Gold Mining
21:27 Gold Mining
21:40 Double-Bit Axe
22:18 Scale Mail Armor
23:07 Horse Collar
25:47 Man-at-Arms
26:28 Squires
25:50 Pikeman
28:23 Stone Shaft Mining
28:25 Town Watch
29:16 Wheelbarrow
29:38 Heavy Plow
30:26 Bow Saw
30:43 Long Swordsman
33:14 Hand Cart
37:45 Imperial Age
36:11 Town Patrol
38:30 Perfusion
38:30 Anarchy
38:51 Conscription
38:58 Conscription
38:02 Halberdier
38:03 Two-Handed Swordsman
39:56 Chemistry
39:46 Ballistics
41:07 Heavy Scorpion
Matambo
12:39 Feudal Age
16:40 Castle Age
14:55 Double-Bit Axe
20:01 Stone Mining
23:38 Scale Barding Armor
23:45 Forging
23:25 Fletching
23:36 Padded Archer Armor
23:43 Gold Mining
Ronk999
11:26 Feudal Age
15:39 Castle Age
14:19 Double-Bit Axe
14:29 Horse Collar
18:56 Stone Mining
19:22 Bow Saw
20:48 Scale Mail Armor
21:26 Squires
23:54 Loom
Connection lost

Rejoining the realm…

Still unreachable

The connection could not be restored.

Session expired

The server has moved on; the page needs a fresh start.